 Dungeon Crawl Stone Soup version 0.23-a0-164-g7711e57 (webtiles) character file.

57 rywalker the Firebug (level 3, -1/19 HPs)
             Began as a Deep Elf Fire Elementalist on Sept 9, 2018.
             Killed from afar by an orc wizard (7 damage)
             ... with a magic dart
             ... on level 3 of the Dungeon.
             The game lasted 00:06:09 (1774 turns).

rywalker the Firebug (Deep Elf Fire Elementalist)   Turns: 1774, Time: 00:06:10

Health: -1/19      AC:  3    Str:  5    XL:     3   Next: 73%
Magic:  3/18       EV: 13    Int: 20    God:
Gold:   92         SH:  0    Dex: 15    Spells: 4/8 levels left

rFire    . . .     SeeInvis .   a - +2 dagger (freeze)
rCold    . . .     Gourm    .   (no shield)
rNeg     + . .     Faith    .   h - +0 robe
rPois    .         Spirit   .   (no helmet)
rElec    .         Reflect  .   (no cloak)
rCorr    .         Harm     .   (no gloves)
MR       .....                  d - +0 pair of boots
Stlth    ++........             (no amulet)
HPRegen  0.06/turn              g - ring of positive energy
MPRegen  0.16/turn              l - ring of magical power

@: no status effects
A: no striking features
a: no special abilities


You were on level 3 of the Dungeon.
You were hungry.

You visited 1 branch of the dungeon, and saw 3 of its levels.

You collected 92 gold pieces.

Inventory:

Hand Weapons
 a - a +2 dagger of freezing (weapon)
   (You took it off a kobold on level 1 of the Dungeon)
 n - a +2 short sword of speed
   (You took it off a kobold on level 2 of the Dungeon)
Missiles
 b - 13 poisoned needles
Armour
 d - a +0 pair of boots (worn)
   (You found it on level 1 of the Dungeon)
 h - a +0 robe (worn)
   (You found it on level 1 of the Dungeon)
Jewellery
 g - a ring of positive energy (left hand)
   (You found it on level 1 of the Dungeon)
 l - a ring of magical power (right hand)
   (You found it on level 2 of the Dungeon)
Scrolls
 i - a scroll of immolation {unknown}
 k - 2 scrolls of teleportation {unknown}
 m - a scroll of amnesia {unknown}
Potions
 c - a potion of invisibility {unknown}
 j - a potion of resistance {unknown}
Comestibles
 e - 3 rations
 f - a chunk of flesh


   Skills:
 - Level 2.4 Dodging
 - Level 2.4 Stealth
 - Level 3.0 Spellcasting
 - Level 1.1 Conjurations
 + Level 5.2 Fire Magic


You had 4 spell levels left.
You knew the following spells:

 Your Spells              Type           Power        Failure   Level  Hunger
a - Flame Tongue          Conj/Fire      ###..        3%          1    None
d - Conjure Flame         Conj/Fire      ###.....     12%         3    ###....

Your spell library contained the following spells:

 Spells                   Type           Power        Failure   Level  Hunger
 Throw Flame              Conj/Fire      ###...       6%          2    ##.....
 Inner Flame              Hex/Fire       ##......     14%         3    ###....
 Sticky Flame             Conj/Fire      ###.....     36%         4    ####...
 Fireball                 Conj/Fire      ###.......   71%         5    ######.


Dungeon Overview and Level Annotations

Branches:
Dungeon (3/15)

Altars:

Annotations:
D:2 Sigmund


Message History

The orc shouts!
You hear a shout!
The adder closely misses you.
Aim: an adder (severely wounded)
The flame tongue misses the adder.
The adder misses you.
Aim: an adder (severely wounded)
The flame tongue misses the adder.
The adder closely misses you.
An orc wizard comes into view. It is wielding a dagger.
The adder closely misses you.
Aim: an adder (severely wounded)
The flame tongue hits the adder.
You kill the adder!
Okay, then.
The fire ignites!
Aim: an orc, wearing a leather armour The flame tongue hits the orc.
Aim: an orc, wearing a leather armour (lightly wounded)
The flame tongue hits the orc.
The orc wizard casts a spell.
The orc wizard flickers and vanishes!
Deactivating autopickup; reactivate with Ctrl-A.
Aim: an orc, wearing a leather armour (moderately wounded)
The flame tongue hits the orc.
Aim: an orc, wearing a leather armour (moderately wounded)
The flame tongue hits the orc.
Aim: an orc, wielding a falchion (heavily wounded)
The flame tongue hits the orc.
You kill the orc!
Aim: an orc, wearing a leather armour (moderately wounded)
The flame tongue hits the orc.
You kill the orc!
You are feeling hungry.
A puff of flame appears from out of thin air!
The puff of flame hits you!
Unknown command.
You can't see any susceptible monsters within range! (Use Z to cast anyway.) Unknown command.
Unknown command.
Unknown command.
Okay, then.
Unknown command.
You can't see any susceptible monsters within range! (Use Z to cast anyway.) Unknown command.
A puff of flame appears from out of thin air!
The puff of flame hits you!
* * * LOW HITPOINT WARNING * * *
The flame tongue hits something.
A rat comes into view.
A magic dart appears from out of thin air!
The magic dart hits you!
You die...

#r# #.# #.# #.#
#.# #.#
#.##.####.# #
.......<.@###.##.#
..##.####...).†..#
#.###[#.... #.. ..
. #### ..o ###


You could see a rat (wandering).

Vanquished Creatures
  An adder (D:3)
  3 worms (D:2)
  2 orcs (D:3)
  3 giant cockroaches (D:1)
  6 hobgoblins
  3 quokkas
  A bat (D:1)
  2 frilled lizards
  3 goblins
  8 kobolds
  6 rats
38 creatures vanquished.

Notes
Turn   | Place    | Note
-------+----------+-------------------------------------------
     0 | D:1      | rywalker the Deep Elf Fire Elementalist began the quest for
                  | the Orb.
     0 | D:1      | Reached XP level 1. HP: 10/10 MP: 6/6
   612 | D:1      | Reached XP level 2. HP: 15/15 MP: 6/8
   812 | D:1      | Reached skill level 4 in Fire Magic
  1185 | D:2      | Noticed Sigmund
  1425 | D:2      | Reached XP level 3. HP: 19/19 MP: 9/9
  1573 | D:2      | Learned a level 3 spell: Conjure Flame
  1752 | D:3      | Reached skill level 5 in Fire Magic
  1774 | D:3      | Killed from afar by an orc wizard

Vault maps used:
D:1:      scummos_arrival_simple_crosswalls
D:2:      kennysheep_six_static_rooms, minmay_misc_feat_tower,
          minmay_parallelograms, uniq_sigmund, uniq_natasha
D:3:      first_ration

Skill      XL: |  1  2  3 |
---------------+----------+-----
Fire Magic     | 4 5 |  5.2
Dodging        | |  2.4
Stealth        | |  2.4
Spellcasting   | |  3.0
Conjurations   | |  1.1

Action                   || total
-------------------------++-------
 Cast: Flame Tongue      ||    82
       Conjure Flame     ||     1
  Eat: Chunk             ||     2
Armor: Robe              ||     3
Dodge: Dodged            ||    16

Table legend:
 A = Non-vault XP
 B = Vault XP
 C = Vault XP percentage of total XP
 D = Non-vault monster count
 E = Vault monster count
 F = Vault count percentage of total count
                 A         B        C        D         E       F
            +---------+---------+-------+---------+---------+-------
      Total |      76 |       6 |   7.3 |      36 |       2 |   5.3
            +---------+---------+-------+---------+---------+-------
        D:1 |      31 |       0 |   0.0 |      20 |       0 |   0.0
        D:2 |      24 |       6 |  20.0 |      12 |       2 |  14.3
        D:3 |      21 |       0 |   0.0 |       4 |       0 |   0.0
            +---------+---------+-------+---------+---------+-------
